 Dungeon Crawl Stone Soup version 0.29-a0-961-gfab03dca74 (webtiles) character file.

Game seed: 13943481963354412843

2144 Asher535 the Conjurer (level 9, -11/73 HPs)
             Began as a White Draconian Conjurer on July 30, 2022.
             Was a Follower of Ashenzari.
             Killed by the air
             ... invoked by Gastronok
              (35 damage)
             ... on level 8 of the Dungeon.
             The game lasted 00:41:27 (10299 turns).

Asher535 the Conjurer (White Draconian Conjurer)   Turns: 10299, Time: 00:41:28

Health: -11/73     AC: 10    Str:  9    XL:     9   Next: 9%
Magic:  2/19       EV: 17    Int: 23    God:    Ashenzari [*.....]
Gold:   300        SH:  0    Dex: 10    Spells: 15/21 levels left

rFire   . . .      SeeInvis .   r - +1 flail of the Chained Seer {protect, Self, Comp} (curse)
rCold   + . .      Faith    .   (no shield)
rNeg    . . .      Spirit   .   (body armour unavailable)
rPois   .          Reflect  .   (helmet restricted)
rElec   +          Harm     .   (no cloak)
rCorr   .          Rampage  .   y - +0 pair of gloves of Etritazi {rElec Slay+4}
Will    +....                   p - +1 pair of boots "Shackled Together" {Alch, Melee} (curse)
Stlth   ++........              (no amulet)
HPRegen 0.22/turn               q - ring of willpower
MPRegen 0.16/turn               t - +4 ring of evasion

@: no status effects
A: breathe frost, AC +7, unfitting armour, cold resistance 1, cold-blooded
a: Breathe Frost, Renounce Religion, Curse Item, Shatter the Chains


You were on level 8 of the Dungeon.
You worshipped Ashenzari.
Ashenzari was aware of your devotion.
You visited 1 branch of the dungeon, and saw 8 of its levels.

You collected 300 gold pieces.

Inventory:

Hand Weapons
 a - a +6 mace of holy wrath
 e - a +0 whip
 h - a +0 dagger
 j - a +0 shortbow
 r - the cursed +1 flail of the Chained Seer (weapon) {protect, Self, Comp}
   (You took it off an orc on level 3 of the Dungeon)

   It grants its wielder temporary protection when it strikes (+7 to AC).
   It has a curse which improves the following skills: Introspection: Fighting
   and Spellcasting.
   Companions: Summonings and Necromancy.
 s - a +2 whip of venom
Missiles
 v - 4 poisoned darts
 C - 4 silver javelins
Armour
 l - a +1 helmet
 p - the cursed +1 pair of boots "Shackled Together" (worn) {Alch, Melee}
   (You found it on level 3 of the Dungeon)

   It has a curse which improves the following skills: Alchemy: Poison Magic and
   Transmutations.
   Melee Combat: Short Blades, Long Blades, Axes, Maces & Flails, Polearms,
   Staves and Unarmed Combat.
 y - the +0 pair of gloves of Etritazi (worn) {rElec Slay+4}
   (You found it on level 5 of the Dungeon)

   Slay:      It affects your accuracy & damage with ranged weapons and melee
   (+4).
   rElec:     It insulates you from electricity.
Magical Staves
 u - a staff of poison
Jewellery
 q - a ring of willpower (left hand)
 t - a +4 ring of evasion (right hand)
Wands
 H - a wand of charming (8)
Scrolls
 d - 2 scrolls of noise
 i - 2 scrolls of blinking
 k - 2 scrolls of immolation
 m - 2 scrolls of enchant weapon
 w - 3 scrolls of teleportation
 x - a scroll of magic mapping
 B - a scroll of silence
 D - 2 scrolls of identify
 E - a scroll of amnesia
 F - a scroll of fear
 G - a scroll of brand weapon
Potions
 b - a potion of haste
 c - a potion of attraction
 f - 5 potions of curing
 g - 3 potions of heal wounds
 n - a potion of ambrosia
 o - a potion of mutation
 z - a potion of might
 A - a potion of lignification


   Skills:
 - Level 4.1(4.9) Fighting
 + Level 5.7 Dodging
 - Level 2.0 Stealth
 + Level 5.8(6.7) Spellcasting
 + Level 7.2 Conjurations
 + Level 4.9 Ice Magic


You had 15 spell levels left.
You knew the following spells:

 Your Spells              Type           Power      Damage    Failure   Level
a - Magic Dart            Conj           100%       1d8       1%          1
b - Searing Ray           Conj           82%        2d7       1%          2
c - Dazzling Flash        Conj/Hex       48%        N/A       5%          3

Your spell library contained the following spells:

 Spells                   Type           Power      Damage    Failure   Level
 Fulminant Prism          Conj/Hex       12%        3d9       19%         4
 Iskenderun's Mystic Bla  Conj/Tloc      24%        2d7       19%         4
 Confusing Touch          Hex            7%         N/A       24%         3
 Animate Dead             Necr           8%         N/A       58%         4
 Summon Lightning Spire   Summ/Air       7%         N/A       61%         4
 Borgnjor's Vile Clutch   Necr/Erth      3%         N/A       91%         5
 Yara's Violent Unravell  Hex/Tmut       3%         3d4       91%         5
 Death Channel            Necr           4%         N/A       100%        6
 Enfeeble                 Hex            3%         N/A       100%        7
 Haunt                    Necr/Summ      4%         N/A       100%        7
 Storm Form               Tmut/Air       3%         N/A       100%        7
 Infestation              Necr           4%         N/A       100%        8
 Maxwell's Capacitive Co  Air            3%         ∞         100%        8


Dungeon Overview and Level Annotations

Branches:
Dungeon (8/15)             Temple (0/1) D:4
   Lair: D:8-11

Altars:
Ashenzari
Cheibriados
Elyvilon
Okawaru
Qazlal
Ru
Sif Muna
Xom

Shops:
D:1 *   D:5 !   D:6 (

Annotations:
D:4 Menkaure
D:8 Gastronok


Innate Abilities, Weirdness & Mutations

You can breathe waves of freezing cold which knock back foes.
Your icy white scales are hard. (AC +7)
You cannot fit into any form of body armour.
Your flesh is cold resistant. (rC+)
You are cold-blooded and may be slowed by cold attacks.


Message History

You open the door.
There is an open door here.
Unknown command.
Unknown command.
Gastronok is nearby!
Casting: Searing Ray (safe; 1% risk of failure)
Confirm with . or Enter, or press ? or * to list all spells.
Aiming: Searing Ray (safe; 1% risk of failure)
Press: ? - help, Shift-Dir - straight line, f/p - Gastronok
Aim: Gastronok, wearing a +1 hat (severely wounded, 100% to hit)
The searing ray hits Gastronok.
Gastronok is severely wounded. (Press . to maintain the ray.)
The searing ray hits Gastronok!
Gastronok is severely wounded.
The searing ray hits Gastronok!
Gastronok is severely wounded.
The searing ray hits Gastronok!
Gastronok is almost dead.
You finish channelling your searing ray.
Gastronok bites you!!
Casting: Searing Ray (safe; 1% risk of failure)
Confirm with . or Enter, or press ? or * to list all spells.
Aiming: Searing Ray (safe; 1% risk of failure)
Press: ? - help, Shift-Dir - straight line, f/p - Gastronok
Aim: Gastronok, wearing a +1 hat (almost dead, 100% to hit)
The searing ray hits Gastronok!
Gastronok is almost dead. (Press . to maintain the ray.) Gastronok waves his eye-stalks in wide circles.
The air twists around and strikes you!!
* * * LOW HITPOINT WARNING * * *
You feel much better.
Okay, then.
Gastronok gurgles, "Huuuuuuuuuuungry!"
Gastronok bites you but does no damage.
There is an open door here.
Gastronok waves his eye-stalks in wide circles.
The air twists around and strikes you!!
You die...

≈.......#..#......
≈.......#..# .....
≈...[...#'## .....
≈.##+##....######.
≈ #....#....# ∩
#....#..w.#
#....##'###
##.......#
#)....@.#
+.......#
#.......#
#......###
#......# #......#
#......# #....##


You could see Gastronok.

Vanquished Creatures
  2 vampire mosquitoes (D:7)
  A black bear (D:6)
  3 ice beasts
  An ogre (D:6)
  2 centaurs
  A phantom (D:5)
  Blork the orc (D:4)
  A bullfrog (D:6)
  2 scorpions
  3 killer bees (D:7)
  A howler monkey (D:7)
  2 jellies
  6 orc priests
  A gnoll bouda (D:5)
  3 hounds (D:5)
  4 iguanas
  4 orc wizards
  3 gnolls (D:5)
  8 adders
  2 ufetubi (D:4)
  5 worms
  2 dart slugs (D:2)
  22 orcs
  5 bats
  7 endoplasms
  5 giant cockroaches
  11 goblins
  4 hobgoblins
  2 jackals (D:2)
  2 kobolds
  3 quokkas
  7 ball pythons
  5 frilled lizards
  6 rats
137 creatures vanquished.

Vanquished Creatures (others)
  2 plants (D:4)
2 creatures vanquished.

Grand Total: 139 creatures vanquished

Notes
Turn   | Place    | Note
-------+----------+-------------------------------------------
     0 | D:1      | Asher535 the Draconian Conjurer began the quest for the
                  | Orb.
     0 | D:1      | Reached XP level 1. HP: 14/14 MP: 3/3
    66 | D:1      | Found a faded altar of an unknown god.
   119 | D:1      | Prayed at the altar of an unknown god.
   119 | D:1      | Became a worshipper of Ashenzari the Shackled
   357 | D:1      | Reached XP level 2. HP: 20/20 MP: 3/5
   415 | D:1      | Found Uwiruda's Assorted Antiques.
  1451 | D:2      | Reached XP level 3. HP: 21/27 MP: 0/6
  1465 | D:2      | Reached skill level 1 in Fighting
  1671 | D:2      | Learned a level 2 spell: Searing Ray
  2306 | D:2      | Identified the +5 whip "Quosocuo" {speed, rC- Will- Str+3
                  | Int+9}
  2518 | D:2      | Reached XP level 4. HP: 35/35 MP: 4/7
  3756 | D:3      | Found a shimmering blue altar of Sif Muna.
  3756 | D:3      | Found a shimmering altar of Xom.
  3764 | D:3      | Found a faded altar of an unknown god.
  3766 | D:3      | Found a faded altar of an unknown god.
  3768 | D:3      | Found a stormy altar of Qazlal.
  4411 | D:4      | Noticed a scorpion
  4414 | D:4      | Reached XP level 5. HP: 41/41 MP: 7/9
  4585 | D:4      | Noticed a centaur
  4597 | D:4      | Killed a centaur
  4598 | D:4      | Reached skill level 5 in Conjurations
  4598 | D:4      | Reached XP level 6. HP: 10/50 MP: 0/11
  5194 | D:4      | Noticed Menkaure
  5285 | D:4      | Found a white marble altar of Elyvilon.
  5526 | D:4      | Noticed Blork the orc
  5546 | D:4      | Killed Blork the orc
  5551 | D:4      | Your scales start taking on an icy white colour.
  5551 | D:4      | Reached XP level 7. HP: 37/58 MP: 5/12
  5551 | D:4      | Gained mutation: Your flesh is cold resistant. (rC+) [White
                  | Draconian growth]
  6007 | D:4      | Found a staircase to the Ecumenical Temple.
  6015 | D:4      | Found an iron altar of Okawaru.
  6277 | D:5      | Entered Level 5 of the Dungeon
  6598 | D:5      | Identified the +0 pair of gloves of Etritazi {rElec Slay+4}
  6688 | D:5      | Reached skill level 1 in Ice Magic
  6782 | D:5      | Reached skill level 6 in Conjurations
  6921 | D:5      | Reached XP level 8. HP: 66/67 MP: 3/15
  7050 | D:5      | Found Foletirph's Distillery.
  7082 | D:5      | Learned a level 3 spell: Dazzling Flash
  7097 | D:5      | Found a snail-covered altar of Cheibriados.
  8039 | D:6      | Found Umuegeus's Firing Range.
  8078 | D:6      | Reached skill level 5 in Spellcasting
  8330 | D:6      | Reached skill level 5 in Dodging
  8388 | D:6      | Reached * piety under Ashenzari
  9904 | D:7      | Reached skill level 7 in Conjurations
  9941 | D:7      | Reached XP level 9. HP: 73/73 MP: 8/18
 10120 | D:7      | Found a sacrificial altar of Ru.
 10234 | D:8      | Noticed Gastronok
 10293 | D:8      | HP: 3/73 [Gastronok/the air (27)]
 10299 | D:8      | Killed from afar by Gastronok

Illustrated notes

Levels and vault maps discovered:
D:1:      onia_arrival_mini_spirals, layout_basic,
          shapermc_ecumenical_altar_pompeii, serial_shops,
          nicolae_shop_behind_doors, corexii_item_surrounded_by_moat,
          nrook_uturn, kennysheep_small_spiral
D:2:      layout_basic, kennysheep_generic_room_10
D:3:      layout_basic, chequers_temple_overflow_minitemple
D:4:      layout_layer_cave, nicolae_elyvilon_temple_path,
          mainiacjoe_overflow_small_starburst, minmay_temple_entry_proselytizer,
          kennysheep_crisscross, grunt_ministairs_13, uniq_menkaure,
          uniq_blork_the_orc
D:5:      layout_basic, cheibriados_altar_1, serial_shops, kennysheep_mini,
          nicolae_figureground_sparkle
D:6:      layout_loops_ring, nicolae_shop_firing_range
D:7:      layout_loops_corners, nicolae_ru_awakened_eye
D:8:      minmay_four_partial_circles, layout_gridville,
          nicolae_wu_jian_wuxing_cycle, enter_bailey_4, uniq_joseph,
          uniq_psyche, uniq_gastronok, uniq_pikel, uniq_grum

Skill      XL: |  1  2  3  4  5  6  7  8 |
---------------+-------------------------+-----
Stealth        | 2 |  2.0
Dodging        | 2 3 4 5 |  5.7
Fighting       | 1 2 3 4 |  4.1
Spellcasting   | 3 4 5 |  5.8
Conjurations   | 5 6 7 |  7.2
Ice Magic      | 2 4 |  4.9

Action                   |  1- 3 |  4- 6 |  7- 9 || total
-------------------------+-------+-------+-------++-------
Melee: Dagger            |    16 |       |       ||    16
       Tailslap          |     3 |     2 |     1 ||     6
       Flail             |       |     7 |    11 ||    18
 Cast: Magic Dart        |    77 |    75 |   116 ||   268
       Searing Ray       |     3 |    13 |    38 ||    54
Invok: Curse Item        |       |       |     2 ||     2
 Abil: Breathe Frost     |       |       |     3 ||     3
  Use: Scroll            |       |     9 |     1 ||    10
       Potion            |       |     1 |     1 ||     2
Armor: Skin              |     8 |    11 |    30 ||    49
Dodge: Dodged            |    20 |    32 |    70 ||   122

Table legend: (Time is in decaauts)
 A = Elapsed time spent in this place.
 B = Non-inter-level travel time spent in this place.
 C = Inter-level travel time spent in this place.
 D = Time resting spent in this place.
 E = Time spent auto-exploring this place.
 F = Levels seen in this place.
 G = Mean time per level.
                   A        B        C        D        E       F      G
               +--------+--------+--------+--------+--------+-----+--------+
         Total |  10302 |  10282 |     20 |   2774 |   4979 |   8 | 1287.8 |
       Dungeon |  10302 |  10282 |     20 |   2774 |   4979 |   8 | 1287.8 |
               +--------+--------+--------+--------+--------+-----+--------+

Top non-repeatable levels by time:
     D:4: 1872 daAuts
     D:5: 1659 daAuts
     D:3: 1563 daAuts
     D:2: 1497 daAuts
     D:1: 1347 daAuts
     D:7: 1304 daAuts
     D:6: 978 daAuts
     D:8: 77 daAuts
